cohdb
Replays
Latest Replays
All Replays
Popular Replays
Top Player Replays
Match Explorer
How It Works
Community
CoH3 Stats
Reddit
Sign in to upload your games and track your stats! →
Sign in with Steam
Match 41331628
Unlisted
Match 41331628
Overview
Messages
Build Orders
End
Construct Infanterie Kompanie
MG 42 Machine Gun Team
Grenadier Squad
Grenadier Squad
GrW 34 Mortar Team
Construct Luftwaffe Kompanie
Jäger Squad
Support Elements
Jäger Squad
Jäger Squad
Wirbelwind Flakpanzer
Selects Terror Battlegroup
Selects Contempt for the Weak
Selects Jericho Trumpet
Selects V1 Rocket Strike
V1 Rocket Strike
็็็็็็็็็็
我真的不是驴
[EL] Brother Captain Specmarine
TL
0
0
Comments
sign in to comment!
No comments posted yet!